 Dungeon Crawl Stone Soup version 0.26.1-11-gd32895ea62 (webtiles) character file.

Game seed: 8916746450968031515

74 mankey1987 the Cudgeller (level 4, -1/72 HPs)
             Began as an Ogre Berserker on May 30, 2021.
             Was a Believer of Trog.
             Slain by a hobgoblin
             ... wielding a +0 club
              (3 damage)
             ... on level 2 of the Dungeon.
             The game lasted 00:01:55 (2024 turns).

mankey1987 the Cudgeller (Ogre Berserker)           Turns: 2024, Time: 00:01:55

Health: -1/72      AC:  3    Str: 21    XL:     4   Next: 30%
Magic:  4/4        EV: 10    Int:  8    God:    Trog [**....]
Gold:   56         SH:  0    Dex:  9    Spells: 3/3 levels left

rFire    . . .     SeeInvis .   a - +0 mace
rCold    . . .     Faith    .   (no shield)
rNeg     . . .     Spirit   .   b - +0 animal skin
rPois    .         Reflect  .   (helmet restricted)
rElec    .         Harm     .   (no cloak)
rCorr    .         Rampage  .   (gloves unavailable)
Will     .....                  (boots unavailable)
Stlth    ..........             (no amulet)
HPRegen  0.22/turn              (no ring)
MPRegen  0.09/turn              (no ring)

@: berserking (expiring), lethally poisoned (-1 -> -5), very quick
A: large, unfitting armour, tough skin 1
a: Renounce Religion, Berserk, Trog's Hand


You were on level 2 of the Dungeon.
You worshipped Trog.
Trog was pleased with you.
You visited 1 branch of the dungeon, and saw 2 of its levels.

You collected 56 gold pieces.

Inventory:

Hand Weapons
 a - a +0 mace (weapon)
Armour
 b - a +0 animal skin (worn)
Jewellery
 c - a +6 ring of intelligence {unknown}
Scrolls
 d - a scroll of enchant armour {unknown}
 e - 2 scrolls of magic mapping {unknown}
 g - 2 scrolls of identify {unknown}
 h - 3 scrolls of remove curse {unknown}
 i - 2 scrolls of enchant weapon {unknown}
 k - a scroll of amnesia {unknown}
 l - a scroll of fog {unknown}
 n - 3 scrolls of teleportation {unknown}
Potions
 j - a potion of mutation {unknown}
 m - 2 potions of heal wounds {unknown}


   Skills:
 - Level 4.0 Fighting
 + Level 4.5 Maces & Flails
 - Level 2.6 Dodging


You had 3 spell levels left.
You didn't know any spells.
Your spell library was empty.

Dungeon Overview and Level Annotations

Branches:
Dungeon (2/15)

Altars:


Innate Abilities, Weirdness & Mutations

You are too large for most types of armour.
You have tough skin. (AC +1)


Message History

You barely miss the adder. The adder closely misses you.
You completely miss the adder.
You feel sick. Something hits you.
* * * LOW HITPOINT WARNING * * *
The adder bites you.
* * * LOW HITPOINT WARNING * * *
You hit the adder.
The adder is heavily wounded.
You feel sick. The adder bites you but does no damage. Something hits you.
* * * LOW HITPOINT WARNING * * *
You hit the adder.
The adder is almost dead.
The adder closely misses you.
You sock the adder!
You kill the adder!
Trog accepts your kill.
* * * LOW HITPOINT WARNING * * *
You feel sick. Something hits you.
* * * LOW HITPOINT WARNING * * *
You barely miss something. Something hits you.
You die...

#.......###.#####........
#.......###.#### ..###
#..........)..[# .
#..............##..
###.##.............
##.##.............
........##........
......####........
......†@{.........
......######...... ...#.
...... . .. ...... ..
...... .. ..... . ####


There were no monsters in sight!

Vanquished Creatures
  3 adders (D:2)
  A worm (D:2)
  A dart slug (D:1)
  7 bats
  A giant cockroach (D:1)
  5 goblins
  5 hobgoblins
  4 jackals (D:1)
  5 kobolds
  4 frilled lizards
  7 rats
43 creatures vanquished.

Notes
Turn   | Place    | Note
-------+----------+-------------------------------------------
     0 | D:1      | mankey1987 the Ogre Berserker began the quest for the Orb.
     0 | D:1      | Reached XP level 1. HP: 24/24 MP: 1/1
   142 | D:1      | Reached XP level 2. HP: 26/32 MP: 2/2
   650 | D:1      | Reached XP level 3. HP: 13/39 MP: 3/3
  1279 | D:2      | Reached ** piety under Trog
  1604 | D:2      | Reached XP level 4. HP: 40/48 MP: 4/4
  2023 | D:2      | HP: 1/72 [something (3)]
  2024 | D:2      | Slain by a hobgoblin

Illustrated notes

Levels and vault maps discovered:
D:1:      zaba_arrival_water, layout_basic, minmay_hexomino_f4
D:2:      layout_basic, grunt_decor_junction, grunt_ministairs_8, uniq_robin

Skill      XL: |  1  2  3 |
---------------+----------+-----
Maces & Flails | 3 4 |  4.5
Fighting       | |  4.0
Dodging        | |  2.6

Action                   |  1- 3 |  4- 6 || total
-------------------------+-------+-------++-------
Melee: Mace              |   125 |    27 ||   152
Invok: Berserk           |     3 |     1 ||     4
  Use: Potion            |     4 |       ||     4
 Stab: Sleeping          |     1 |       ||     1
Armor: Animal skin       |    58 |    11 ||    69
Dodge: Dodged            |   111 |    15 ||   126
